Map: 썬더버드 - 래더

Players

Cure - Winner!

  • Race: Terran Terran
  • League: Master
  • Spawn Location: 5:00

Super

  • Race: Protoss Protoss
  • League: Master
  • Spawn Location: 11:00

VOD

Have the link to the VOD?

Description

Time

  • Played on: Aug. 20, 2019, 7:22 a.m.
  • Length: 9:32
Show
View Real Time Build Order
Export as new Build Order

Cure Terran - Winner!

Build Orders: Gas First Reaper Expand, Banshee Rush 

Get SALT Encoding   

  12  0:00  SCV  
  13  0:12  SCV  
  14  0:17  Supply Depot  
  14  0:24  SCV  
  14  0:27  Refinery  
  15  0:38  SCV  
  16  0:43  Barracks  
  16  0:50  SCV  
  17  1:02  SCV  
  18  1:14  SCV  
  19  1:30  Orbital Command, Reaper  
  20  1:42  Command Center  
  20  1:52  Factory  
  20  1:56  SCV  
  21  2:04  Barracks Reactor  
  21  2:08  SCV  
  22  2:12  Supply Depot  
  22  2:14  Refinery  
  22  2:20  SCV  
  23  2:33  SCV  
  24  2:40  Starport  
  28  2:44  Hellion x2  
  28  2:45  SCV  
  29  2:53  Barracks Tech Lab, Orbital Command  
  29  2:58  SCV  
  30  3:07  Hellion  
  30  3:08  Hellion  
  30  3:10  SCV  
  35  3:22  SCV x2  
  37  3:34  SCV x2  
  37  3:35  Supply Depot, Cloaking Field  
  37  3:36  Banshee  
  42  3:42  Marine x2  
  42  3:43  Factory Tech Lab  
  42  3:46  SCV  
  42  3:47  SCV  
  46  3:52  Supply Depot  
  46  4:00  Marine x2  
  46  4:01  SCV x2  
  44  4:12  Cyclone  
  47  4:17  Marine  
  47  4:18  Marine  
  47  4:20  SCV x2  
  49  4:25  Banshee  
  51  4:32  Supply Depot  
  51  4:35  Marine, SCV, Barracks  
  51  4:36  SCV, Marine, Barracks  
  55  4:43  Engineering Bay  
  55  4:47  Cyclone  
  55  4:51  SCV x2  
  60  4:53  Marine  
  60  4:54  Marine  
  60  4:57  Supply Depot  
  60  4:59  Refinery  
  62  5:03  SCV x2  
  64  5:14  Marine x2  
  64  5:15  SCV x2  
  64  5:18  Terran Infantry Weapons Level 1  
  64  5:20  Supply Depot  
  68  5:23  Supply Depot  
  68  5:27  Factory Reactor, SCV x2, Starport Reactor  
  70  5:32  Refinery  
  70  5:33  Marine x4  
  71  5:39  Combat Shield  
  71  5:41  SCV  
  71  5:42  SCV  
  73  5:44  Missile Turret  
  73  5:47  Supply Depot  
  73  5:50  Marine  
  73  5:51  Marine x3  
  73  5:54  Stimpack  
  77  6:00  Command Center  
  74  6:04  Medivac x2  
  74  6:05  Widow Mine  
  74  6:08  Widow Mine  
  82  6:13  Marine x4  
  86  6:24  SCV x2  
  88  6:27  Barracks  
  88  6:28  Barracks  
  88  6:33  Missile Turret  
  88  6:35  Missile Turret  
  88  6:39  Supply Depot x2, SCV x2  
  88  6:48  Marine  
  88  6:49  Marine x2  
  88  6:51  SCV x2  
  86  7:02  Marine  
  86  7:03  SCV x2  
  86  7:05  Marine  
  86  7:07  Marine x2  
  92  7:12  Terran Infantry Armor Level 1  
  92  7:15  SCV x2  
  94  7:20  Barracks Tech Lab  
  94  7:21  Marine  
  92  7:23  Marine  
  92  7:25  Marauder x2  
  92  7:27  SCV x2  
  86  7:32  Barracks Tech Lab  
  86  7:33  Barracks Reactor  
  84  7:39  Marine, SCV x2  
  84  7:40  Marauder  
  84  7:41  Marine  
  84  7:44  Widow Mine x2  
  91  7:47  Marauder  
  91  7:51  Medivac x2  
  94  7:52  Marauder  
  94  7:55  SCV x2  
  94  7:57  Marine  
  95  7:59  Marine  
  95  8:00  Orbital Command  
  95  8:01  Marauder  
  95  8:04  Concussive Shells  
  88  8:09  Armory  
  88  8:10  Engineering Bay  
  88  8:13  SCV x2  
  88  8:18  Marauder x2, Refinery  
  94  8:21  Medivac x2  
  94  8:26  Marauder, SCV x2  
  102  8:27  SCV  
  102  8:29  Marine x2  
  102  8:30  Marine  
  102  8:31  Marine  
  107  8:35  Widow Mine x2  
  107  8:38  SCV x2  
  107  8:39  SCV  
  114  8:47  Marauder x3  
  120  8:51  Marine x4  
  118  9:05  Widow Mine x2  
  118  9:07  Command Center  
Show
View Real Time Build Order
Export as new Build Order

Super Protoss 

Build Orders: 1 Gate Expand, Phoenix Opening 

Get SALT Encoding   

  12  0:00  Probe  
  13  0:12  Probe  
  14  0:17  Pylon  
  14  0:24  Probe  
  15  0:32  Probe  
  15  0:37  Gateway  
  15  0:40  Probe  
  16  0:45  Assimilator  
  17  0:51  Probe  
  18  1:03  Probe  
  19  1:15  Probe  
  20  1:22  Nexus  
  20  1:34  Cybernetics Core  
  20  1:36  Probe  
  21  1:41  Assimilator  
  21  1:48  Probe  
  21  1:51  Pylon  
  22  2:00  Probe  
  22  2:01  Adept  
  23  2:12  Probe  
  23  2:14  Stargate  
  26  2:23  Warp Gate  
  26  2:24  Probe  
  27  2:30  Probe  
  27  2:31  Adept  
  27  2:32  Probe  
  31  2:39  Probe  
  31  2:40  Probe  
  32  2:48  Probe  
  32  2:51  Probe  
  34  2:57  Phoenix  
  37  3:01  Probe  
  37  3:03  Pylon, Probe  
  39  3:13  Probe  
  39  3:14  Phoenix  
  39  3:15  Probe  
  39  3:25  Probe  
  42  3:27  Probe  
  42  3:29  Gateway x2  
  42  3:31  Phoenix  
  43  3:37  Probe  
  43  3:39  Probe  
  47  3:42  Pylon  
  47  3:48  Assimilator  
  47  3:50  Probe, Assimilator  
  47  3:51  Probe  
  47  3:52  Phoenix  
  49  4:05  Probe x2  
  48  4:13  Stalker  
  48  4:17  Probe x2, Phoenix  
  47  4:28  Probe  
  47  4:29  Probe  
  49  4:32  Robotics Facility  
  49  4:36  Probe  
  49  4:38  Probe  
  49  4:44  Probe  
  51  4:46  Probe  
  51  4:49  Oracle  
  56  4:55  Probe x2  
  56  4:58  Pylon  
  58  5:07  Probe x2  
  56  5:19  Observer, Probe x2, Nexus  
  54  5:31  Probe  
  54  5:32  Probe  
  56  5:40  Observer  
  57  5:44  Probe x2  
  59  5:55  Probe  
  59  5:56  Probe  
  57  6:00  Robotics Bay  
  57  6:01  Forge  
  57  6:03  Probe  
  57  6:04  Probe  
  55  6:11  Stalker x3  
  61  6:12  Probe x2  
  64  6:22  Probe x2  
  64  6:24  Pylon  
  66  6:26  Pylon  
  66  6:33  Probe  
  66  6:34  Probe x2  
  66  6:35  Protoss Ground Weapons Level 1  
  69  6:45  Probe  
  69  6:46  Probe x2  
  72  6:52  Stalker x3  
  72  6:53  Colossus  
  78  6:56  Extended Thermal Lance  
  78  6:57  Probe  
  78  6:58  Probe x2  
  85  7:09  Probe  
  85  7:10  Probe x2  
  88  7:18  Stalker x2  
  88  7:19  Zealot  
  77  7:30  Probe  
  77  7:31  Probe x2  
  76  7:41  Stalker x3  
  76  7:43  Probe  
  76  7:44  Probe x2  
  57  7:52  Probe x3  
  58  8:00  Probe x3  
  57  8:07  Colossus  
  57  8:12  Probe x3  
  66  8:24  Probe x3  
  66  8:25  Assimilator x2  
  69  8:31  Zealot x2  
  69  8:32  Zealot  
  75  8:39  Probe  
  75  8:40  Probe x2  
  78  8:49  Gateway  
  78  8:52  Sentry  
  78  8:53  Zealot x2  
  78  8:54  Gateway  
  83  8:56  Gateway  
  75  9:06  Probe x3  
  72  9:17  Stalker  
  72  9:18  Stalker x2  
  66  9:28  Assimilator  
  66  9:29  Assimilator  
Tags
 
Add a new tag
Caveats
  • Supply blocks, unpowered buildings, or Contaminate may cause inaccurate times.
  • Supply counts are checked every 10 seconds.